 Dungeon Crawl Stone Soup version 0.31-a0-1178-gc5c9b8f871 (webtiles) character file.

Game seed: 2010339777183350732

126 Ge0ff the Cutter (level 5, -5/32 HPs)
             Began as a Kobold Reaver on Dec 11, 2023.
             Slain by Grinder (6 damage)
             ... on level 3 of the Dungeon.
             The game lasted 00:05:00 (2696 turns).

Ge0ff the Cutter (Kobold Reaver)                    Turns: 2696, Time: 00:05:01

Health: -5/32      AC:  3    Str: 10    XL:     5   Next: 31%
Magic:  8/8        EV: 14    Int: 14    God:
Gold:   56         SH:  0    Dex: 15    Spells: 7/8 levels left

rFire   . . .        a - +3 dagger (venom)
rCold   . . .        (no shield)
rNeg    . . .        b - +0 leather armour
rPois   .            (no helmet)
rElec   .            (no cloak)
rCorr   .            (no gloves)
SInv    .            (no boots)
Will    .....        (no amulet)
Stlth   ++           (no ring)
HPRegen 0.25/turn    (no ring)
MPRegen 0.11/turn

%: no passive effects
@: mighty, silenced, attractive
A: small, no large weapons, nightstalker 3
a: no special abilities


You were on level 3 of the Dungeon.
You visited 1 branch of the dungeon, and saw 3 of its levels.

You collected 56 gold pieces.

Inventory:

Hand Weapons
 a - a +3 dagger of venom (weapon)
 q - a +0 sling
Missiles
 e - 41 stones
Armour
 b - a +0 leather armour (worn)
Magical Staves
 l - a staff of earth
Scrolls
 h - a scroll of enchant weapon
 n - a scroll of fog {unknown}
 o - a scroll of amnesia {unknown}
 p - a scroll of revelation {unknown}
 y - 2 scrolls of immolation
Potions
 j - a potion of heal wounds {unknown}
 H - a potion of haste {!q}


   Skills:
 + Level 3.5 Fighting
 + Level 5.1 Short Blades
 + Level 1.1 Ranged Weapons
 + Level 0.7 Armour
 + Level 2.8 Dodging
 - Level 3.0 Stealth
 - Level 2.1 Spellcasting
 - Level 3.0 Conjurations


You had 7 spell levels left.
You knew the following spells:

 Your Spells              Type           Power      Damage    Failure   Level
E - Kiss of Death         Conj/Necr      20%        2d7       17%         1

Your spell library contained the following spells:

 Spells                   Type           Power      Damage    Failure   Level
 Momentum Strike          Conj/Tloc      10%        3d8       26%         2
 Lesser Beckoning         Tloc           2%         N/A       43%         2
 Hailstorm                Conj/Ice       5%         3d5       45%         3
 Gell's Gravitas          Tloc           1%         N/A       67%         3
 Teleport Other           Tloc           1%         N/A       67%         3


Dungeon Overview and Level Annotations

Branches:
Dungeon (3/15) Zot: 15367

Altars:
Elyvilon
Wu Jian

Shops:
D:1 :   D:2 *

Annotations:
D:3 Grinder


Innate Abilities, Weirdness & Mutations

You are small and have problems with some larger weapons.
You are completely attuned to the shadows.


Message History

As you read the scroll of identify, it crumbles to dust.
h - a scroll of enchant weapon The endoplasm completely misses you.
Grinder blinks!
Grinder is attracted toward you.
As you read the scroll labelled GOECAL RELOIMP, it crumbles to dust.
A profound silence engulfs you.
It was a scroll of silence.
The endoplasm hits you.
Grinder blinks!
Grinder is attracted toward you.
A ball python comes into view.
The ball python is attracted toward you.
You see here a +0 hand axe.
The endoplasm closely misses you.
Grinder blinks!
The ball python is attracted toward you.
Grinder is attracted toward you.
The endoplasm attacks as it pursues you!
The endoplasm hits you but does no damage.
The ball python misses you. x2
The ball python is attracted toward you.
Things that are here:
a +0 short sword; an orc corpse
Things that are here:
a +0 flail; an orc corpse The ball python attacks as it pursues you!
The ball python closely misses you. The ball python grabs you.
The ball python constricts you.
You escape the ball python's grasp.
The ball python is attracted toward you.
Grinder is attracted toward you.
You puncture the ball python!
You kill the ball python!
Your extra speed is starting to run out.
Grinder is attracted toward you.
Grinder's inner flame fades away.
Grinder is attracted toward you.
Grinder blinks!
Grinder is attracted toward you. Grinder is attracted toward you.
You closely miss Grinder. Grinder hits you.
You puncture Grinder!
Grinder is moderately wounded.
You puncture Grinder!
Grinder is poisoned.
Grinder is heavily wounded.
You feel yourself slow down. Grinder hits you!
* * * LOW HITPOINT WARNING * * *
You puncture Grinder!
Grinder is severely wounded.
Grinder hits you.
* * * LOW HITPOINT WARNING * * *
You writhe in agony.
You die...

#### #.# .).# #####.#
#..... '#)###..†..#
#.....### .#........##
#........ .#.[......#
#........
.#........#######........
.##......................
..#.......######[###.....
_.#.......# ##@###.§...
..#.......### #..5.§.....
.##.........# #......####
.#..........# #......#
.#..........#
#......######
.#))........#
######..†§§.#
'#)..##.....# #######§###
....###.....#
#..)5J...... ....#
#.....# #.†..§......


You could see Grinder (unsilenced, very poisoned).

Vanquished Creatures
  An orc priest (D:3)
  2 adders
  3 worms
  7 orcs (D:3)
  5 ball pythons
  9 endoplasms
  A giant cockroach (D:2)
  8 goblins (D:1)
  3 hobgoblins
  3 jackals (D:2)
  2 kobolds
  4 quokkas
  3 bats
  4 frilled lizards (D:1)
  A rat (D:1)
56 creatures vanquished.

Notes
Turn   | Place    | Note
-------+----------+-------------------------------------------
     0 | D:1      | Ge0ff the Kobold Reaver began the quest for the Orb.
     0 | D:1      | Reached XP level 1. HP: 12/12 MP: 3/3
   216 | D:1      | Reached skill level 1 in Stealth
   219 | D:1      | Reached XP level 2. HP: 18/18 MP: 5/5
   292 | D:1      | Found a faded altar of an unknown god.
   538 | D:1      | Reached XP level 3. HP: 18/22 MP: 6/6
   567 | D:1      | Found Yxzeym's Book Shoppe.
  1267 | D:2      | Found an ornate altar of the Wu Jian Council.
  1512 | D:2      | Found Zofreom's Assorted Antiques.
  1534 | D:2      | Reached XP level 4. HP: 16/28 MP: 7/7
  2499 | D:3      | Reached skill level 5 in Short Blades
  2499 | D:3      | Reached XP level 5. HP: 21/32 MP: 8/8
  2542 | D:3      | Found a white marble altar of Elyvilon.
  2582 | D:3      | Reached skill level 1 in Ranged Weapons
  2639 | D:3      | Noticed Grinder
  2696 | D:3      | HP: 1/32 [Grinder (4)]
  2696 | D:3      | Slain by Grinder

Illustrated notes

Levels and vault maps discovered:
D:1:      lemuel_arrival_cross, layout_basic, ebering_ecumenical_altar_hall,
          serial_shops, shop
D:2:      layout_rooms, serial_forest, infiniplex_forest_clump_long,
          infiniplex_forest_lined_room_2, infiniplex_forest_straight_4,
          infiniplex_forest_clump_long, infiniplex_forest_clump_medium,
          infiniplex_forest_pool, infiniplex_forest_lined_2,
          infiniplex_forest_straight_2, serial_shops, shop, basic_altar,
          dk_noncrumbling_3, kennysheep_big_empty_room
D:3:      layout_basic, mainiacjoe_overflow_surrounded_room, grunt_ministairs_5,
          uniq_grinder

Skill      XL: |  1  2  3  4  5 |
---------------+----------------+-----
Stealth        | 1 2 3 |  3.0
Fighting       | 3 |  3.5
Short Blades   | 5 |  5.1
Ranged Weapons | 1 |  1.1
Armour         | |  0.7
Dodging        | |  2.8
Spellcasting   | |  2.1
Conjurations   | |  3.0

Action                     |  1- 3 |  4- 6 || total
---------------------------+-------+-------++-------
  Melee: Short sword       |    78 |       ||    78
         Dagger            |    26 |   116 ||   142
         Punch             |       |     1 ||     1
    Use: Scroll            |       |     4 ||     4
         Potion            |       |     4 ||     4
   Stab: Sleeping          |    18 |     4 ||    22
 Armour: Leather armour    |    37 |    25 ||    62
  Dodge: Dodged            |    49 |    34 ||    83

Table legend: (Time is in decaauts)
 A = Elapsed time spent in this place.
 B = Non-inter-level travel time spent in this place.
 C = Inter-level travel time spent in this place.
 D = Time resting spent in this place.
 E = Time spent auto-exploring this place.
 F = Levels seen in this place.
 G = Mean time per level.
                   A        B        C        D        E       F      G
               +--------+--------+--------+--------+--------+-----+--------+
         Total |   2631 |   2490 |    141 |     43 |   1948 |   3 |  877.0 |
       Dungeon |   2631 |   2490 |    141 |     43 |   1948 |   3 |  877.0 |
               +--------+--------+--------+--------+--------+-----+--------+

Top non-repeatable levels by time:
     D:1: 1274 daAuts
     D:2: 1030 daAuts
     D:3: 326 daAuts
